 Dungeon Crawl Stone Soup version 0.31-a0-446-g07c4bd200f (webtiles) character file.

Game seed: 10441868723591651094

50 Ethylacetat the Insei (level 3, -7/20 HPs)
             Began as a Vine Stalker Monk on Aug 2, 2023.
             Killed from afar by an orc wizard (9 damage)
             ... with a puff of flame
             ... on level 3 of the Dungeon.
             The game lasted 00:01:19 (1581 turns).

Ethylacetat the Insei (Vine Stalker Monk)           Turns: 1581, Time: 00:01:20

Health: -7/20      AC:  2    Str: 13    XL:     3   Next: 79%
Magic:  0/4        EV: 13    Int: 10    God:
Gold:   120        SH:  0    Dex: 18    Spells: 2/2 levels left

rFire   . .          .
                       - Unarmed
rCold   + . .        c - orb {light}
rNeg    . . .        a - +0 robe
rPois   .            (no helmet)
rElec   .            (no cloak)
rCorr   .            (no gloves)
SInv    .            (no boots)
Will    .....        (no amulet)
Stlth   +            i - ring of protection from cold
HPRegen 0.23/turn    (no ring)
MPRegen 0.09/turn

%: guardian spirit
@: confused, glowing
A: fangs 2, magic shield, antimagic bite, no potion heal 2
a: no special abilities


You were on level 3 of the Dungeon.
You visited 1 branch of the dungeon, and saw 3 of its levels.

You collected 120 gold pieces.

Inventory:

Armour
 a - a +0 robe (worn)
 c - an orb of light (worn)
Jewellery
 i - a ring of protection from cold (left hand)
Scrolls
 d - 2 scrolls of teleportation {unknown}
 e - a scroll of poison {unknown}
 f - a scroll of identify {unknown}
 g - a scroll of fear {unknown}
 k - a scroll of immolation {unknown}
Potions
 b - a potion of ambrosia
 h - 2 potions of curing {unknown}
 j - a potion of invisibility {unknown}


   Skills:
 + Level 3.2 Fighting
 - Level 2.4 Dodging
 * Level 4.1 Unarmed Combat


You had 2 spell levels left.
You didn't know any spells.
Your spell library contained the following spells:

 Spells                   Type           Power      Damage    Failure   Level
 Lesser Beckoning         Tloc           0%         N/A       50%         2
 Gell's Gravitas          Tloc           0%         N/A       75%         3
 Teleport Other           Tloc           0%         N/A       75%         3


Dungeon Overview and Level Annotations

Branches:
Dungeon (3/15)

Altars:


Innate Abilities, Weirdness & Mutations

You have extremely sharp teeth.
When hurt, damage is shared between your health and your magic reserves.
Your bite disrupts and absorbs the magic of your enemies.
Potions cannot restore your health.


Message History

You are too confused!
You are too confused!
You are too confused!
You are too confused!
You hit the orc wizard but do no damage.
You bite the orc wizard, but do no damage.
The orc wizard gestures at you while chanting.
The puff of flame misses you.
You bump into the rock wall.
The orc wizard points at you and mumbles some strange words.
The puff of flame hits you!
You bump into the rock wall.
The orc wizard hits you with a +0 dagger.
You bump into the rock wall.
The orc wizard closely misses you.
You hit the orc wizard.
The orc wizard is moderately wounded.
The orc wizard hits you with a +0 dagger.
The orc wizard attacks as you move away!
The orc wizard hits you but does no damage.
You see here a +1 dagger of venom.
The orc wizard gestures at you while chanting.
You are more confused.
You bump into the rock wall.
You bump into the rock wall.
The orc wizard hits you but does no damage.
You bump into the rock wall.
The orc wizard hits you with a +0 dagger.
You bump into the rock wall.
The orc wizard closely misses you.
You bump into the rock wall.
You feel less confused.
The orc wizard points at you and mumbles some strange words.
You are confused.
You bump into the rock wall.
The orc wizard gestures at you while chanting.
The puff of flame hits you!
* * * LOW HITPOINT WARNING * * *
You bump into the rock wall.
The orc wizard barely misses you. The orc wizard casts a spell at you.
The puff of flame hits you!
You die...

#.#.#
..#.
#..
#)#
#.####
#S)..#
#o####
#.#
#@#
#.#
#.####
#...<#
#.####
###


You could see an orc wizard and a ball python.

Vanquished Creatures
  A worm (D:2)
  A dart slug (D:1)
  2 orcs (D:3)
  2 ball pythons
  A bat (D:2)
  4 endoplasms
  2 giant cockroaches
  3 goblins
  5 hobgoblins
  3 quokkas
  3 frilled lizards (D:1)
  6 kobolds
  7 rats
40 creatures vanquished.

Notes
Turn   | Place    | Note
-------+----------+-------------------------------------------
     0 | D:1      | Ethylacetat the Vine Stalker Monk began the quest for the
                  | Orb.
     0 | D:1      | Reached XP level 1. HP: 11/11 MP: 2/2
   266 | D:1      | Reached XP level 2. HP: 13/16 MP: 3/3
   781 | D:1      | Reached XP level 3. HP: 20/20 MP: 4/4
  1278 | D:2      | Reached skill level 4 in Unarmed Combat
  1581 | D:3      | Killed from afar by an orc wizard

Illustrated notes

Levels and vault maps discovered:
D:1:      psy_arrival_radial02, layout_basic, serial_rivers,
          chequers_serial_rivers_marsh, chequers_serial_rivers_micro_e,
          chequers_serial_rivers_room_a, chequers_serial_rivers_small_3,
          chequers_serial_rivers_micro_c, chequers_serial_rivers_small_a
D:2:      layout_basic
D:3:      cheibrodos_helix_gallery, layout_basic

Skill      XL: |  1  2  3 |
---------------+----------+-----
Fighting       | 3 |  3.2
Unarmed Combat | 4 |  4.1
Dodging        | |  2.4

Action                     || total
---------------------------++-------
  Melee: Unarmed           ||    94
         Bite              ||    26
 Armour: Robe              ||    14
  Dodge: Dodged            ||    58

Table legend: (Time is in decaauts)
 A = Elapsed time spent in this place.
 B = Non-inter-level travel time spent in this place.
 C = Inter-level travel time spent in this place.
 D = Time resting spent in this place.
 E = Time spent auto-exploring this place.
 F = Levels seen in this place.
 G = Mean time per level.
                   A        B        C        D        E       F      G
               +--------+--------+--------+--------+--------+-----+--------+
         Total |   1580 |   1541 |     39 |      0 |   1305 |   3 |  526.7 |
       Dungeon |   1580 |   1541 |     39 |      0 |   1305 |   3 |  526.7 |
               +--------+--------+--------+--------+--------+-----+--------+

Top non-repeatable levels by time:
     D:1: 1007 daAuts
     D:2: 541 daAuts
     D:3: 32 daAuts
